 Dungeon Crawl Stone Soup version 0.22-a0-247-gbddf880 (webtiles) character file.

12 MatthieuS the Caller (level 2, 0/20 HPs)
             Began as a Demonspawn Summoner on Feb 27, 2018.
             Slain by a jackal (1 damage)
             ... on level 1 of the Dungeon.
             The game lasted 00:02:25 (719 turns).

MatthieuS the Caller (Demonspawn Summoner)           Turns: 719, Time: 00:02:25

Health: 0/20       AC:  3    Str:  8    XL:     2   Next: 20%
Magic:  1/5        EV: 12    Int: 16    God:
Gold:   45         SH:  0    Dex: 13    Spells: 4/5 levels left

rFire    . . .     SeeInvis .   e - -2 whip (curse)
rCold    . . .     Gourm    .   (no shield)
rNeg     . . .     Faith    .   a - +0 robe
rPois    .         Spirit   .   (no helmet)
rElec    .         Reflect  .   (no cloak)
rCorr    .         Harm     .   g - +0 pair of gloves
MR       .....                  (no boots)
Stlth    ++........             (no amulet)
HPRegen  0.06/turn              (no ring)
MPRegen  0.09/turn              (no ring)

@: no status effects
A: sturdy frame 1
a: no special abilities


You were on level 1 of the Dungeon.
You were not hungry.

You visited 1 branch of the dungeon, and saw 2 of its levels.

You collected 45 gold pieces.

Inventory:

Hand Weapons
 e - a cursed -2 whip (weapon)
 l - a +0 dagger
Armour
 a - a +0 robe (worn)
 g - a +0 pair of gloves (worn)
Scrolls
 c - a scroll of remove curse {unknown}
 f - 3 scrolls of identify
 h - a scroll of fear
 j - a scroll of teleportation {unknown}
Potions
 d - a potion of mutation {unknown}
 i - a potion of magic {unknown}
Comestibles
 b - a ration
 k - a chunk of flesh


   Skills:
 + Level 0.5 Fighting
 + Level 2.0 Dodging
 - Level 1.7 Stealth
 * Level 2.3 Spellcasting
 + Level 4.1 Summonings


You had 4 spell levels left.
You knew the following spells:

 Your Spells              Type           Power        Failure   Level  Hunger
a - Summon Small Mammal   Summ           ###.         3%          1    #......


Dungeon Overview and Level Annotations

Branches:
Dungeon (2/15)

Altars:


Innate Abilities, Weirdness & Mutations

Your movements are slightly less encumbered by armour. (ER -2)


Message History

Your rat's corpse disappears in a puff of smoke!
The jackal barely misses you.
You closely miss the jackal. The jackal bites you.
* * * LOW HITPOINT WARNING * * *
The jackal closely misses you.
Casting: Summon Small Mammal (safe; 3% risk of failure)
Confirm with . or Enter, or press ? or * to list all spells.
The jackal bites you but does no damage.
The jackal barely misses you. The jackal bites you.
* * * LOW HITPOINT WARNING * * *
You swap places.
Your bat hits the jackal but does no damage.
You barely miss the jackal.
Your bat hits the jackal but does no damage.
The jackal bites you but does no damage.
The jackal bites you.
* * * LOW HITPOINT WARNING * * *
You closely miss the jackal.
Your bat closely misses the jackal.
The jackal bites you.
You die...

,* *,##.#.# #....#
,* *.#....# ####.#
,* *,.....# #.#
,****#....# #.#
,,,,,,....# #.#
.######...# #.#
....!...§.# #.#
******#..#######b#
#.†.†....h@#
******#..#########
,,,,..>..#
***#####.#
,,,,,,,..#
*******###


You could see a jackal and a friendly bat.

Vanquished Creatures
  A hobgoblin (D:1)
  A frilled lizard (D:1)
2 creatures vanquished.

Vanquished Creatures (collateral kills)
  A bat (D:1)
  5 jackals (D:1)
  A kobold (D:1)
  A frilled lizard (D:1)
  3 goblins (D:1)
  2 rats (D:1)
13 creatures vanquished.

Grand Total: 15 creatures vanquished

Notes
Turn   | Place    | Note
-------+----------+-------------------------------------------
     0 | D:1      | MatthieuS the Demonspawn Summoner began the quest for the Orb.
     0 | D:1      | Reached XP level 1. HP: 13/13 MP: 3/3
   269 | D:1      | Gained mutation: Your movements are slightly less encumbered by armour. (ER -2) [demonic ancestry]
   269 | D:1      | Reached XP level 2. HP: 10/20 MP: 0/5
   504 | D:1      | You fall through a shaft!
   718 | D:1      | HP: 1/20 [jackal (2)]
   719 | D:1      | Slain by a jackal

Vault maps used:
D:1:      minmay_arrival_four_circles
D:2:      first_ration

Skill      XL: |  1  2 |
---------------+-------+-----
Dodging        | 2 |  2.0
Fighting       | |  0.5
Stealth        | |  1.7
Spellcasting   | |  2.3
Summonings     | |  4.1

Action                   || total
-------------------------++-------
Melee: Whip              ||    29
       Unarmed           ||     3
 Cast: Summon Small Mamm ||    27
  Use: Scroll            ||     4
 Stab: Sleeping          ||     1
Armor: Robe              ||    14
Dodge: Dodged            ||    50

Table legend:
 A = Spawn XP
 B = Non-spawn XP
 C = Spawn XP percentage of total XP
 D = Spawn monster count
 E = Non-spawn monster count
 F = Spawn count percentage of total count
 G = Total turns spent on level
                    A         B        C        D         E        F      G
               +---------+---------+-------+---------+---------+-------+---------
         Total |       0 |      18 |   0.0 |       0 |      15 |   0.0 |   719
               +---------+---------+-------+---------+---------+-------+---------
           D:1 |       0 |      18 |   0.0 |       0 |      15 |   0.0 |   630
               +---------+---------+-------+---------+---------+-------+---------
